 Dungeon Crawl Stone Soup version 0.28-a0-194-g42b4daccc1 (webtiles) character file.

Game seed: 9830424615321802047

1768 willcat the Covert (level 9, -6/82 (84) HPs)
             Began as an Octopode Delver on Aug 18, 2021.
             Mangled by Harold (27 damage)
             ... on level 7 of the Dungeon.
             The game lasted 00:05:10 (3345 turns).

willcat the Covert (Octopode Delver)                Turns: 3345, Time: 00:05:11

HP:   -6/82 (84)    AC: -7    Str: 12    XL:     9   Next: 7%
MP:   9/9           EV: 16    Int: 13    God:
Gold: 83            SH:  0    Dex: 15    Spells: 8/8 levels left

rFire   . . .      SeeInvis .   u - +4 short sword
rCold   . . .      Faith    .   (no shield)
rNeg    . . .      Spirit   .   (helmet restricted)
rPois   +          Reflect  .   (no amulet)
rElec   .          Harm     .   g - ring of poison resistance
rCorr   .          Rampage  .   (no ring)
Will    .....                   (no ring)
Stlth   ..........              (no ring)
HPRegen 0.23/turn               (no ring)
MPRegen 0.11/turn               (no ring)
                                (no ring)
                                (no ring)

@: berserking, corroded, lightly drained, very quick
A: almost no armour, amphibious, 8 rings, camouflage 1, gelatinous body 1,
(nimble swimmer 1), tentacles
a: no special abilities


You were on level 7 of the Dungeon.
You visited 1 branch of the dungeon, and saw 3 of its levels.
You also visited: Ossuary.

You collected 83 gold pieces.

Inventory:

Hand Weapons
 u - a +4 short sword (weapon)
Jewellery
 g - a ring of poison resistance (left tentacle)
Wands
 f - a wand of digging (3)
 l - a wand of iceblast (4)
Scrolls
 b - a scroll of fog
 c - a scroll of magic mapping
 d - a scroll of fear
 h - 4 scrolls of identify {unknown}
 j - a scroll of noise {unknown}
 k - 4 scrolls of vulnerability {unknown}
 m - a scroll of torment {unknown}
 o - 2 scrolls of brand weapon {unknown}
 p - a scroll of teleportation {unknown}
 v - a scroll of enchant weapon {unknown}
Potions
 a - a potion of brilliance {unknown}
 e - a potion of haste
 i - a potion of flight
 q - a potion of curing
 r - a potion of degeneration {unknown}
 s - a potion of invisibility {unknown}
 t - a potion of lignification {unknown}


   Skills:
 - Level 3.0 Fighting
 + Level 6.5 Short Blades
 + Level 6.5 Dodging
 + Level 10.9 Stealth
 + Level 3.6 Evocations


You had 8 spell levels left.
You didn't know any spells.
Your spell library was empty.

Dungeon Overview and Level Annotations

Branches:
Dungeon (7/15)            Ossuary (visited)
 Temple: D:4-7

Altars:
Kikubaaqudgha
Zin

Annotations:
D:7 Harold


Innate Abilities, Weirdness & Mutations

You cannot wear most types of armour.
You are amphibious.
You can wear up to eight rings at the same time.
Your skin changes colour to match your surroundings (Stealth+).
Your rubbery body absorbs attacks. (AC +1, EV +1)
((You are camouflaged near water. (Stealth+)))
You have tentacles for arms and can constrict up to eight enemies at once.


Message History

The centaur zombie misses you. The centaur zombie kicks you.
You hit the centaur zombie.
You destroy the centaur zombie!
No target in view!
No target in view!
No target in view!
No target in view!
No target in view!
No target in view!
No target in view!
No target in view!
No target in view!
h - 4 scrolls labelled JOURIAFROD (gained 1)
a - a metallic blue potion
Found a robe.
v - a scroll labelled VIWKEF SENWE
Found a thin smoking staff.
Found a stone staircase leading down.
You see here a staff of conjuration.
Harold the Weathered comes into view.
He is wielding a +0 morningstar, wearing a +2 chain mail of poison resistance and carrying a wand of acid (8).
Harold is nearby!
Harold is nearby!
Harold shouts!
You hear a shout!
Harold fires a harpoon shot at you. The harpoon shot misses you.
You start waiting.
Harold is nearby!
Okay, then.
Harold zaps a wand.
The bolt of acid hits you! The acid corrodes you!
You are splashed with acid!
Harold completely misses you.
A red film seems to cover your vision as you go berserk!
You feel yourself moving faster!
You feel mighty!
Harold zaps a wand.
The bolt of acid hits you! The acid corrodes you!
You are splashed with acid!
* * * LOW HITPOINT WARNING * * *
You hit Harold but do no damage. Your grab misses Harold.
You squeeze Harold, but do no damage. You hit Harold but do no damage.
You grab Harold. You constrict Harold, but do no damage.
Harold hits you with a +0 morningstar!!
You die...

#...## ##...#
#....##
##.....###
##.|.......#
##......>....
##.......###..
###........#
##
###....@@....#
#.?...###....#
#....###
##...# #...##
#...# ..# #...
. #.. #


You could see Harold.

Vanquished Creatures
  Joseph (D:7)
  A water moccasin (D:7)
  3 black bears
  2 sky beasts (D:6)
  An ogre (D:7)
  A centaur (D:7)
  2 bullfrogs (D:6)
  5 wights (D:7)
  A howler monkey (D:6)
  2 centaur zombies
  A bullfrog zombie (D:6)
  3 human zombies (Ossuary)
  An orc priest (D:6)
  A jelly (D:6)
  A hound (D:6)
  An iguana (D:6)
  2 mummies (Ossuary)
  2 white imps
  3 orcs (D:6)
  8 hobgoblin zombies (Ossuary)
  3 jackal zombies (Ossuary)
  14 kobold zombies (Ossuary)
  7 orc zombies (Ossuary)
  2 rat zombies (Ossuary)
68 creatures vanquished.

Notes
Turn   | Place    | Note
-------+----------+-------------------------------------------
     0 | D:5      | willcat the Octopode Delver began the quest for the Orb.
     0 | D:5      | Reached XP level 1. HP: 16/16 MP: 1/1
     3 | D:5      | Noticed a water moccasin
     8 | D:6      | Found a sand-covered staircase.
     9 | D:6      | Noticed an iguana
    43 | D:6      | Reached skill level 7 in Stealth
    43 | D:6      | Reached XP level 2. HP: 8/21 MP: 2/2
    43 | D:6      | Reached XP level 3. HP: 9/26 MP: 3/3
    52 | D:6      | Reached XP level 4. HP: 11/31 MP: 4/4
   163 | Ossuary  | Entered an ossuary
   714 | Ossuary  | Reached XP level 5. HP: 24/36 MP: 5/5
   893 | Ossuary  | Reached skill level 8 in Stealth
  1075 | D:6      | Noticed a black bear
  1081 | D:6      | Reached XP level 6. HP: 42/42 MP: 6/6
  1093 | D:6      | Killed a black bear
  1431 | D:6      | Found a glowing silver altar of Zin.
  1440 | D:6      | Noticed a sky beast
  1444 | D:6      | Killed a sky beast
  1445 | D:6      | Reached XP level 7. HP: 46/46 MP: 7/7
  1461 | D:6      | Reached skill level 9 in Stealth
  1738 | D:6      | Reached skill level 5 in Short Blades
  1738 | D:6      | Reached skill level 5 in Dodging
  1833 | D:6      | Reached XP level 8. HP: 23/52 MP: 8/8
  2006 | D:6      | Found an ancient bone altar of Kikubaaqudgha.
  2298 | D:7      | Reached skill level 1 in Evocations
  2424 | D:7      | Noticed Joseph
  2432 | D:7      | Killed Joseph
  2433 | D:7      | Reached skill level 10 in Stealth
  2733 | D:7      | Reached XP level 9. HP: 20/54 MP: 9/9
  3333 | D:7      | Noticed Harold
  3345 | D:7      | Mangled by Harold

Illustrated notes

Levels and vault maps discovered:
D:5:      layout_basic, grunt_dithmenos_shadows, nicolae_gozag_seed_capital
D:6:      layout_cave_pools, lemuel_doored_altar, zin_treasury,
          nicolae_ossuary_entry_ruins
D:7:      layout_layer_cave, uniq_joseph, uniq_harold

Skill      XL: |  1  2  3  4  5  6  7  8 |
---------------+-------------------------+-----
Stealth        | 7 8 9 10 | 10.9
Short Blades   | 3 4 5 6 |  6.5
Dodging        | 3 4 5 6 |  6.5
Evocations     | 3 |  3.6
Fighting       | |  3.0

Action                   |  1- 3 |  4- 6 |  7- 9 || total
-------------------------+-------+-------+-------++-------
Melee: Short sword       |    13 |   109 |    85 ||   207
       Constrict         |     2 |    27 |    15 ||    44
       Tentacles         |     2 |    35 |    24 ||    61
Evoke: Wand              |       |       |     3 ||     3
  Use: Potion            |       |       |     5 ||     5
 Stab: Sleeping          |       |    11 |     4 ||    15
Armor: Skin              |       |     8 |     3 ||    11
Dodge: Dodged            |    10 |    51 |    70 ||   131

Table legend: (Time is in decaauts)
 A = Elapsed time spent in this place.
 B = Non-inter-level travel time spent in this place.
 C = Inter-level travel time spent in this place.
 D = Time resting spent in this place.
 E = Time spent auto-exploring this place.
 F = Levels seen in this place.
 G = Mean time per level.
                   A        B        C        D        E       F      G
               +--------+--------+--------+--------+--------+-----+--------+
         Total |   3331 |   3303 |     28 |   1396 |   1071 |   4 |  832.8 |
       Dungeon |   2443 |   2415 |     28 |   1172 |    878 |   3 |  814.3 |
       Ossuary |    888 |    888 |      0 |    224 |    193 |   1 |  888.0 |
               +--------+--------+--------+--------+--------+-----+--------+

Top non-repeatable levels by time:
     D:6: 1394 daAuts
     D:7: 1040 daAuts
 Ossuary: 888 daAuts
     D:5: 8 daAuts
